 Dungeon Crawl Stone Soup version 0.23-a0-550-g7de1f8ee9f (webtiles) character file.

39 MirrMurr the Chucker (level 3, -3/33 HPs)
             Began as a Troll Hunter on Dec 8, 2018.
             Slain by Natasha (7 damage)
             ... on level 2 of the Dungeon.
             The game lasted 00:01:58 (623 turns).

MirrMurr the Chucker (Troll Hunter)                  Turns: 623, Time: 00:01:59

Health: -3/33      AC:  5    Str: 20    XL:     3   Next: 28%
Magic:  2/2        EV: 10    Int:  8    God:
Gold:   80         SH:  0    Dex: 10    Spells: 2/2 levels left

rFire    . . .     SeeInvis .     - Unarmed
rCold    . . .     Gourm    +   (no shield)
rNeg     . . .     Faith    .   b - +0 robe
rPois    .         Spirit   .   (helmet restricted)
rElec    .         Reflect  .   (no cloak)
rCorr    .         Harm     .   (gloves unavailable)
MR       .....                  (boots unavailable)
Stlth    +.........             (no amulet)
HPRegen  0.51/turn              (no ring)
MPRegen  0.08/turn              (no ring)

@: slowed, very slow
A: large, unfitting armour, claws 3, fast metabolism 3, gourmand, regeneration
1, shaggy fur 1, tough skin 2
a: no special abilities


You were on level 2 of the Dungeon.
You were completely stuffed.

You visited 1 branch of the dungeon, and saw 2 of its levels.

You collected 80 gold pieces.

Inventory:

Missiles
 a - 19 sling bullets
 d - 2 throwing nets {!f}
 e - 15 stones (quivered)
 f - 5 large rocks {!f}
Armour
 b - a +0 robe (worn)
Scrolls
 g - a scroll of immolation {unknown}
 h - a scroll of teleportation {unknown}
 l - a scroll of enchant armour {unknown}
 m - a scroll of fog {unknown}
Potions
 i - a potion of brilliance {unknown}
 k - a potion of heal wounds {unknown}
Comestibles
 c - 4 rations
 j - 3 chunks of flesh


   Skills:
 - Level 1.5 Fighting
 - Level 3.6 Throwing
 - Level 1.5 Dodging
 - Level 0.3 Stealth
 + Level 3.0 Unarmed Combat


You had 2 spell levels left.
You didn't know any spells.
Your spell library was empty.

Dungeon Overview and Level Annotations

Branches:
Dungeon (2/15)

Altars:

Annotations:
D:2 Natasha


Innate Abilities, Weirdness & Mutations

You are too large for most types of armour.
You have claws for hands.
Your metabolism is lightning-fast.
You like to eat raw meat.
Your natural rate of healing is unusually fast.
You are covered in fur. (AC +1)
You have very tough skin. (AC +2)


Message History

Something claws you but does no damage.
You claw something! The crimson imp hits you. Something claws you.
You claw something! The crimson imp closely misses you.
You hear some strange, mumbled words.
A magic dart appears from out of thin air!
The magic dart hits you! The crimson imp completely misses you.
Something claws you but does no damage.
You miss something. The crimson imp hits you. Something claws you!
You miss something. Your claw misses something.
The crimson imp barely misses you. Something claws you.
* * * LOW HITPOINT WARNING * * *
The crimson imp blinks!
You hear some strange, mumbled words.
A magic dart appears from out of thin air!
The magic dart hits you!
* * * LOW HITPOINT WARNING * * *
You scratch something but do no damage. Something claws you.
* * * LOW HITPOINT WARNING * * *
You barely miss something. Something claws you!
You die...

###+##... #...≈..
#.......### #......
#.........####......
#..5....#....####'##
#.......#.##......#
#.......#.#########
#.......#.#
###'#####.# .. #@#
#.# #. #.# #.# ..
#.#####.# #.
#.......#
#.##.####### #.{#.#
#.#.# #...# ##..#


You could see a crimson imp.

Vanquished Creatures
  An adder (D:2)
  2 dart slugs (D:1)
  A leopard gecko (D:1)
  4 bats (D:1)
  3 giant cockroaches
  3 goblins
  4 hobgoblins
  2 kobolds (D:1)
  5 rats
25 creatures vanquished.

Notes
Turn   | Place    | Note
-------+----------+-------------------------------------------
     0 | D:1      | MirrMurr the Troll Hunter began the quest for the Orb.
     0 | D:1      | Reached XP level 1. HP: 19/19 MP: 0/0
    56 | D:1      | Reached skill level 1 in Unarmed Combat
   104 | D:1      | Reached XP level 2. HP: 27/27 MP: 1/1
   553 | D:2      | Reached XP level 3. HP: 33/33 MP: 2/2
   608 | D:2      | Noticed Natasha
   623 | D:2      | Slain by Natasha

Vault maps used:
D:1:      ebering_trefoil_3fold
D:2:      kennysheep_generic_room_8, uniq_natasha

Skill      XL: |  1  2  3 |
---------------+----------+-----
Unarmed Combat | 1 2 3 |  3.0
Fighting       | |  1.5
Throwing       | |  3.6
Dodging        | |  1.5
Stealth        | |  0.3

Action                   || total
-------------------------++-------
Melee: Unarmed           ||    74
  Eat: Chunk             ||    11
Armor: Robe              ||    37
Dodge: Dodged            ||    43

Table legend:
 A = Non-vault XP
 B = Vault XP
 C = Vault XP percentage of total XP
 D = Non-vault monster count
 E = Vault monster count
 F = Vault count percentage of total count
                 A         B        C        D         E       F
            +---------+---------+-------+---------+---------+-------
      Total |      53 |       4 |   7.0 |      23 |       2 |   8.0
            +---------+---------+-------+---------+---------+-------
        D:1 |      37 |       0 |   0.0 |      20 |       0 |   0.0
        D:2 |      16 |       4 |  20.0 |       3 |       2 |  40.0
            +---------+---------+-------+---------+---------+-------
